 Dungeon Crawl Stone Soup version 0.31-a0-210-gccc998df9b (webtiles) character file.

Game seed: 8959746750900475818

38 qw the Shooter (level 3, -2/29 HPs)
             Began as a Minotaur Hexslinger on June 29, 2023.
             Slain by a goblin
             ... wielding a +0 club
             ... led by Robin
              (3 damage)
             ... on level 2 of the Dungeon.
             The game lasted 00:00:23 (1202 turns).

qw the Shooter (Minotaur Hexslinger)                Turns: 1202, Time: 00:00:24

Health: -2/29      AC:  5    Str: 12    XL:     3   Next: 25%
Magic:  3/3        EV: 11    Int: 10    God:
Gold:   44         SH:  0    Dex: 14    Spells: 3/4 levels left

rFire   . . .        Y - +1 sling
rCold   . . .        (no shield)
rNeg    . . .        k - +0 ring mail
rPois   .            (helmet restricted)
rElec   .            (no cloak)
rCorr   .            (no gloves)
SInv    .            (no boots)
Will    .....        (no amulet)
Stlth   +            (no ring)
HPRegen 0.24/turn    (no ring)
MPRegen 0.08/turn

%: no passive effects
@: no status effects
A: horns 2, retaliatory headbutt
a: no special abilities


You were on level 2 of the Dungeon.
You visited 1 branch of the dungeon, and saw 2 of its levels.

You collected 44 gold pieces.


Innate Abilities, Weirdness & Mutations

You have a pair of horns on your head.
You reflexively headbutt those who attack you in melee.


   Skills:
 - Level 2.0 Fighting
 + Level 3.8 Ranged Weapons
 - Level 2.1 Dodging
 - Level 1.0 Spellcasting
 - Level 2.0 Hexes


You had 3 spell levels left.
You knew the following spells:

 Your Spells              Type           Power      Damage    Failure   Level
a - Slow                  Hex            16%        N/A       34%         1

Your spell library contained the following spells:

 Spells                   Type           Power      Damage    Failure   Level
 Inner Flame              Hex/Fire       2%         N/A       83%         3
 Portal Projectile        Hex/Tloc       4%         N/A       83%         3
 Cause Fear               Hex            2%         N/A       98%         4

Inventory:

Hand Weapons
 Y - a +1 sling (weapon)
Armour
 k - a +0 ring mail (worn)
Potions
 d - a potion of enlightenment {unknown}
 g - a potion of curing {unknown}
 h - a potion of lignification {unknown}
 i - a potion of heal wounds

Dungeon Overview and Level Annotations

Branches:
Dungeon (2/15)

Altars:

Shops:
D:1 =


Message History

The goblin closely misses you.
Robin says, "Bow before me, strongest of all the hobgoblins!"
You shoot a sling bullet. The sling bullet hits the goblin.
You kill the goblin!
The goblin hits you with a +0 dagger.
A goblin comes into view. It is wielding a +0 dagger.
The goblin hits you but does no damage. The hobgoblin barely misses you.
Robin throws the goblin at you!
You shoot a sling bullet.
The sling bullet barely misses the goblin.
The sling bullet hits Robin but does no damage.
The hobgoblin closely misses you. You furiously retaliate!
You headbutt the hobgoblin.
You kill the hobgoblin!
The goblin hits you but does no damage.
Robin roars a battlecry!
The goblins go into a battle-frenzy!
You shoot a sling bullet. The sling bullet hits the goblin.
You kill the goblin!
A goblin comes into view. It is wielding a +0 club.
The goblin completely misses you.
You shoot a sling bullet. The sling bullet barely misses Robin.
The sling bullet closely misses the goblin.
Robin throws the goblin at you! The goblin hits you with a +0 club.
A goblin comes into view. It is wielding a +0 club.
Robin barely misses you.
A goblin comes into view. It is wielding a +0 dagger.
The goblin hits you with a +0 dagger. The goblin completely misses you.
You shoot a sling bullet. The sling bullet hits Robin.
Robin is moderately wounded.
Robin closely misses you. You furiously retaliate!
You headbutt Robin.
The goblin hits you but does no damage. x2
You shoot a sling bullet. The sling bullet hits Robin!
Robin is almost dead.
Robin closely misses you. The goblin hits you with a +0 dagger.
The goblin hits you with a +0 club.
You shoot a sling bullet. The sling bullet hits Robin.
You kill Robin!
The goblin hits you with a +0 dagger. The goblin hits you with a +0 club. x3
You die...

######
####)...#
#..<....#
.###.##.####
.....##g##
###..g@)#
###.g)#
#.#.g# #.
#g.. .. ..)8
... ......
.## #....#
#. ###.#


You could see 5 goblins.

Vanquished Creatures
  Robin (D:2)
  4 ball pythons (D:1)
  3 endoplasms (D:1)
  A giant cockroach (D:1)
  11 goblins
  6 hobgoblins
  A quokka (D:1)
  5 bats
  2 kobolds (D:1)
34 creatures vanquished.

Notes
Turn   | Place    | Note
-------+----------+-------------------------------------------
     0 | D:1      | qw the Minotaur Hexslinger began the quest for the Orb.
     0 | D:1      | Reached XP level 1. HP: 16/16 MP: 1/1
     0 | D:1      | 0 ||| qw: Version: 0.3-a-24-ga2abf7b
     0 | D:1      | 0 ||| qw: Game counter: 6857
     0 | D:1      | 0 ||| qw: Melee chars always use a shield: true
     0 | D:1      | 0 ||| qw: God list: Okawaru
     0 | D:1      | 0 ||| qw: Allow faded altars: false
     0 | D:1      | 0 ||| qw: Do Orc after clearing Dungeon:15 true
     0 | D:1      | 0 ||| qw: Do second Lair branch before Depths: true
     0 | D:1      | 0 ||| qw: Lair rune preference: random
     0 | D:1      | 0 ||| qw: Goals: Normal
     0 | D:1      | 0 ||| PLANNING D:1-11
   262 | D:1      | Reached skill level 3 in Ranged Weapons
   268 | D:1      | Found Docedeon's One-of-a-Kind Rings.
   277 | D:1      | 277 ||| SHOPLISTING +1 ring of evasion (20 gold, have 9).
   277 | D:1      | 277 ||| SHOPLISTING +3 ring of dexterity (100 gold, have
                  | 9).
   277 | D:1      | 277 ||| SHOPLISTING +9 ring of dexterity (780 gold, have
                  | 9).
   277 | D:1      | 277 ||| SHOPLISTING ring "Botseraw" {Fire Will- rCorr Int+2
                  | Dex+6} (502 gold, have 9).
   277 | D:1      | 277 ||| SHOPLISTING ring "Ecreul" {rF+ Dex+4 SInv Stlth+}
                  | (402 gold, have 9).
   277 | D:1      | 277 ||| SHOPLISTING ring of Lirint {Will- MP+9 Str-2 Int+3
                  | Dex+7} (396 gold, have 9).
   277 | D:1      | 277 ||| SHOPLISTING ring of the King {AC+4 Str+6} (556
                  | gold, have 9).
   286 | D:1      | Reached XP level 2. HP: 23/23 MP: 2/2
  1037 | D:1      | 1037 ||| UPGRADING to +0 leather armour.
  1047 | D:1      | 1047 ||| DROPPING +0 robe.
  1048 | D:1      | 1048 ||| UPGRADING to +0 ring mail.
  1058 | D:1      | 1058 ||| DROPPING +0 leather armour.
  1059 | D:1      | 1059 ||| READING scroll labelled CANGYS CAIRA.
  1060 | D:1      | 1060 ||| READING scroll labelled FOLEKAI YNAR.
  1161 | D:1      | 1161 ||| DRINKING 2 bubbling red potions.
  1162 | D:1      | 1162 ||| DROPPING scroll of poison.
  1188 | D:2      | Noticed Robin
  1191 | D:2      | Reached XP level 3. HP: 29/29 MP: 3/3
  1202 | D:2      | Killed Robin
  1202 | D:2      | HP: 4/29 [goblin/+0 club[Robin] (6)]
  1202 | D:2      | HP: 1/29 [goblin/+0 club[Robin] (3)]
  1202 | D:2      | Slain by a goblin

Levels and vault maps discovered:
D:1:      roderic_octagonal_star, layout_basic, nicolae_shop_unique_rings,
          minmay_misc_feat_rugged, nicolae_titane
D:2:      layout_rooms, serial_shops, nicolae_shop_trees,
          nicolae_shop_tiny_statue_garden, nicolae_shop_rolling_square, shop,
          uniq_robin

Skill      XL: |  1  2 |
---------------+-------+-----
Ranged Weapons | 3 |  3.8
Fighting       | 2 |  2.0
Dodging        | |  2.1
Spellcasting   | |  1.0
Hexes          | |  2.0

Action                     || total
---------------------------++-------
   Fire: Sling             ||    97
    Use: Scroll            ||     2
         Potion            ||     1
 Armour: Robe              ||     3
         Ring mail         ||    11
  Dodge: Dodged            ||    37

Table legend:
 A = Non-vault XP
 B = Vault XP
 C = Vault XP percentage of total XP
 D = Non-vault monster count
 E = Vault monster count
 F = Vault count percentage of total count
                 A         B        C        D         E       F
            +---------+---------+-------+---------+---------+-------
      Total |      40 |      30 |  42.9 |      25 |       9 |  26.5
            +---------+---------+-------+---------+---------+-------
        D:1 |      36 |       0 |   0.0 |      23 |       0 |   0.0
        D:2 |       4 |      30 |  88.2 |       2 |       9 |  81.8
            +---------+---------+-------+---------+---------+-------
